 Dungeon Crawl Stone Soup version 0.23.2-1-ga50397a (webtiles) character file.

Game seed: 4228276626740947141

129 doot the Digger (level 5, 0/28 HPs)
             Began as a Gargoyle Earth Elementalist on May 17, 2019.
             Slain by a wyvern zombie (3 damage)
             ... on level 6 of the Dungeon.
             The game lasted 00:04:45 (1926 turns).

doot the Digger (Gargoyle Earth Elementalist)       Turns: 1926, Time: 00:04:47

Health: 0/28       AC:  8    Str: 16    XL:     5   Next: 12%
Magic:  0/10       EV: 12    Int: 22    God:
Gold:   75         SH:  0    Dex: 10    Spells: 7/11 levels left

rFire    + . .     SeeInvis .   a - +0 mace
rCold    + . .     Gourm    .   (no shield)
rNeg     + . .     Faith    .   c - +0 robe
rPois    ∞         Spirit   .   n - +0 helmet
rElec    +         Reflect  .   f - +0 cloak
rCorr    +         Harm     .   (no gloves)
MR       .....                  (no boots)
Stlth    ++........             (no amulet)
HPRegen  0.09/turn              (no ring)
MPRegen  0.12/turn              (no ring)

@: mighty, brilliant, resistant
A: negative energy resistance 1, electricity resistance, unbreathing,
petrification resistance, rot immunity, AC +4
a: no special abilities


You were on level 6 of the Dungeon.
You were hungry.

You visited 1 branch of the dungeon, and saw 5 of its levels.

You collected 75 gold pieces.

Inventory:

Hand Weapons
 a - a +0 mace (weapon)
Missiles
 b - 6 stones (quivered)
Armour
 c - a +0 robe (worn)
 f - a +0 cloak (worn)
 n - a +0 helmet (worn)
Wands
 j - a wand of digging (4)
Scrolls
 g - 3 scrolls of teleportation {unknown}
 i - a scroll of magic mapping {unknown}
 m - a scroll of fear {unknown}
 o - a scroll of enchant armour {unknown}
 p - a scroll of identify {unknown}
 r - a scroll of blinking {unknown}
Potions
 e - 4 potions of curing
 h - a potion of brilliance
 l - a potion of resistance
Comestibles
 d - 3 rations
 q - 3 chunks of flesh


   Skills:
 + Level 1.7 Dodging
 + Level 2.4 Stealth
 + Level 3.5 Spellcasting
   Level 0.7 Transmutations
 + Level 5.3 Earth Magic


You had 7 spell levels left.
You knew the following spells:

 Your Spells              Type           Power        Failure   Level  Hunger
a - Sandblast             Erth           #####.       1%          1    None
b - Stone Arrow           Conj/Erth      ####..       1%          3    ###....

Your spell library contained the following spells:

 Spells                   Type           Power        Failure   Level  Hunger
 Passwall                 Tmut/Erth      ####....     1%          2    ##.....
 Petrify                  Tmut/Erth      ####....     4%          4    ####...
 Lee's Rapid Deconstruct  Erth           #####.....   4%          5    ######.


Dungeon Overview and Level Annotations

Branches:
Dungeon (4/15)
 Temple: D:4-7

Altars:
Elyvilon
Wu Jian


Innate Abilities, Weirdness & Mutations

You are resistant to torment.
Your stone body is resilient. (AC +4)
You are immune to poison.
You resist negative energy. (rN+)
You are resistant to electric shocks. (rElec)
You can survive without breathing.
You are immune to petrification.
You are immune to rotting.


Message History

You sock the wyvern zombie!
The wyvern zombie is severely damaged.
The wyvern zombie bites you.
* * * LOW HITPOINT WARNING * * *
The wyvern zombie barely misses you.
You barely miss the wyvern zombie.
The wyvern zombie is severely damaged.
The wyvern zombie closely misses you.
The wyvern zombie bites you but does no damage.
You thump the wyvern zombie!
The wyvern zombie is almost destroyed.
The wyvern zombie barely misses you. The wyvern zombie bites you.
* * * LOW HITPOINT WARNING * * *
Unknown command.
You barely miss the wyvern zombie.
The wyvern zombie is almost destroyed.
The wyvern zombie bites you.
* * * LOW HITPOINT WARNING * * *
The wyvern zombie bites you.
You die...

#.....#####.#
##..o..)....#
##.#######.# #.#
#.# #.# #.# #o#
##.# .o. ##o†#
..... ##Z#.......
..o....#@####.#.##
../......## ...
+.........+ ....
#.........# ..##
......# .# .....#
#...# ##+#


You could see an orc and a wyvern zombie.

Vanquished Creatures
  2 hounds (D:6)
  A worker ant (D:6)
  A worm (D:3)
  A dart slug (D:1)
  7 orcs
  A giant cockroach (D:2)
  3 goblins
  6 hobgoblins
  4 jackals
  3 bats
  A frilled lizard (D:1)
  2 kobolds (D:3)
  2 rats (D:1)
34 creatures vanquished.

Notes
Turn   | Place    | Note
-------+----------+-------------------------------------------
     0 | D:1      | doot the Gargoyle Earth Elementalist began the quest for
                  | the Orb.
     0 | D:1      | Reached XP level 1. HP: 10/10 MP: 3/3
   168 | D:1      | Reached skill level 4 in Earth Magic
   168 | D:1      | Reached XP level 2. HP: 15/15 MP: 1/5
  1406 | D:2      | Found an ornate altar of the Wu Jian Council.
  1481 | D:3      | Found a white marble altar of Elyvilon.
  1507 | D:3      | Reached XP level 3. HP: 19/19 MP: 2/6
  1520 | D:3      | Learned a level 3 spell: Stone Arrow
  1806 | D:4      | You fall through a shaft for 2 floors!
  1831 | D:6      | Reached XP level 4. HP: 21/24 MP: 4/8
  1921 | D:6      | Reached skill level 5 in Earth Magic
  1921 | D:6      | Reached XP level 5. HP: 21/28 MP: 1/10
  1926 | D:6      | Slain by a wyvern zombie

Skill      XL: |  1  2  3  4 |
---------------+-------------+-----
Earth Magic    | 4 5 |  5.3
Spellcasting   | 3 |  3.5
Dodging        | |  1.7
Stealth        | |  2.4
Transmutations | |  0.7

Action                   |  1- 3 |  4- 6 || total
-------------------------+-------+-------++-------
Melee: Mace              |       |    11 ||    11
 Cast: Sandblast         |    47 |    12 ||    59
Evoke: Wand              |       |     1 ||     1
  Use: Potion            |       |     4 ||     4
  Eat: Chunk             |     3 |       ||     3
Armor: Robe              |     8 |     8 ||    16
Dodge: Dodged            |     7 |    19 ||    26
